 Dungeon Crawl Stone Soup version 0.31.0-32-g396128a36d (webtiles) character file.

Game seed: 7422799350708076780

200778 sosloow the Skinwalker (level 18, -31/162 HPs)
             Began as an Octopode Shapeshifter on Apr 22, 2024.
             Was an Initiate of Gozag.
             Blown up by an orb spider (63 damage)
             ... with an orb of destruction
             ... on level 4 of the Spider Nest.
             The game lasted 02:01:13 (33828 turns).

sosloow the Skinwalker (Octopode Shapeshifter)     Turns: 33828, Time: 02:01:14

Health: -31/162    AC: 27    Str: 37    XL:     18   Next: 97%
Magic:  18/18      EV: 12    Int: 20    God:    Gozag
Gold:   2581       SH:  5    Dex: 14    Spells: 14/17 levels left

rFire   + +          .
                       - Unarmed
rCold   . . .        (shield currently unavailable)
rNeg    . . .        h - melded +2 hat
rPois   +            y - amulet of reflection
rElec   +            r - ring of protection from fire
rCorr   .            U - +4 ring of protection
SInv    .            g - ring of ice
Will    ++...        a - +4 ring of protection
Stlth   ++++         n - +4 ring of protection
HPRegen 0.47/turn    O - ring "Majik" {rElec rPois Str+3}
MPRegen 0.16/turn    X - ring "Orotete" {Str+6 Int+7}
                     M - ring of willpower

%: reflection
@: dragon-form, gold aura, flying
A: dragon claw, dragon scales, breathe fire, flying, boosted hp, almost no
armour, amphibious, 8 rings, giant, (camouflage 1), (gelatinous body 1), (nimble
swimmer 1), (tentacles)
a: Breathe Fire, Begin Untransformation, Renounce Religion, Potion Petition,
Call Merchant, Bribe Branch


You were on level 4 of the Spider Nest.
You worshipped Gozag.
Gozag was most pleased with you.
You were a fearsome dragon!
You visited 6 branches of the dungeon, and saw 30 of its levels.
You also visited: Gauntlet and Ice Cave.

You collected 11024 gold pieces.
You spent 2841 gold pieces at shops.
You paid 5602 gold pieces to Gozag.

Inventory:

Hand Weapons
 Q - the +10 lajatang of Painful Death {freeze, rF+ Int+3 Dex+2}
   (You found it on level 3 of the Lair of Beasts)

   Int+3:     It affects your intelligence (+3).
   Dex+2:     It affects your dexterity (+2).
   rF+:       It protects you from fire.
Missiles
 o - 3 throwing nets
 t - 8 curare-tipped darts (quivered)
 P - 9 silver javelins
Armour
 h - a +2 hat (melded)
 v - a +0 buckler of cold resistance
Jewellery
 a - a +4 ring of protection (on tentacle)
 g - a ring of ice (on tentacle)
 n - a +4 ring of protection (on tentacle)
 r - a ring of protection from fire (left foreclaw)
 y - an amulet of reflection (around neck)
 D - a ring of resist corrosion
 M - a ring of willpower (on tentacle)
 N - the ring "Gagelyq" {+Blink rF++ rC- Int+3 Dex+6}
   (You found it in a Gauntlet)

   [ring of dexterity]

   Int+3:     It affects your intelligence (+3).
   Dex+6:     It affects your dexterity (+6).
   rF++:      It greatly protects you from fire.
   rC-:       It makes you vulnerable to cold.
   +Blink:    It lets you blink.
 O - the ring "Majik" (on tentacle) {rElec rPois Str+3}
   (You took it off a minotaur in a Gauntlet)

   [ring of poison resistance]

   Str+3:     It affects your strength (+3).
   rElec:     It insulates you from electricity.
   rPois:     It protects you from poison
 U - a +4 ring of protection (right foreclaw)
 X - the ring "Orotete" (on tentacle) {Str+6 Int+7}
   (You found it on level 3 of the Elven Halls)

   [ring of strength]

   Str+6:     It affects your strength (+6).
   Int+7:     It affects your intelligence (+7).
 Y - a ring of willpower
Talismans
 b - a dragon-blood talisman (active)
 Z - a talisman of death
Wands
 A - a wand of flame (10)
 F - a wand of paralysis (10)
 G - a wand of digging (6)
 H - a wand of mindburst (17)
 K - a wand of roots (21)
 R - a wand of quicksilver (12)
 S - a wand of polymorph (21)
Scrolls
 c - 2 scrolls of fear
 d - 4 scrolls of poison
 f - a scroll of vulnerability
 k - 5 scrolls of fog
 l - 4 scrolls of revelation
 q - 2 scrolls of brand weapon
 s - 3 scrolls of teleportation
 u - 6 scrolls of enchant armour
 x - 6 scrolls of amnesia
 z - 6 scrolls of identify
 B - 3 scrolls of enchant weapon
 L - 2 scrolls of blinking
 T - 2 scrolls of torment
Potions
 e - 3 potions of enlightenment
 i - 2 potions of might
 j - 3 potions of magic
 m - 4 potions of mutation
 p - 3 potions of attraction
 w - 4 potions of haste
 C - 2 potions of berserk rage
 E - 3 potions of invisibility
 I - a potion of brilliance


   Skills:
 - Level 5.0 Fighting
 * Level 10.9 Staves
 - Level 11.2 Dodging
 - Level 10.0 Stealth
 - Level 15.8 Unarmed Combat
 - Level 8.0 Evocations
 + Level 21.8 Shapeshifting


You had 14 spell levels left.
You knew the following spells:

 Your Spells              Type           Power      Damage    Failure   Level
a - Confusing Touch       Hex            0%         N/A       50%         3

Your spell library contained the following spells:

 Spells                   Type           Power      Damage    Failure   Level
 Apportation              Tloc           0%         N/A       19%         1
 Necrotise                Necr           0%         1d4       19%         1
 Sandblast                Erth           0%         2d4       19%         1
 Shock                    Conj/Air       0%         1d3       19%         1
 Slow                     Hex            0%         N/A       19%         1
 Sting                    Conj/Alch      0%         1d3       19%         1
 Summon Small Mammal      Summ           0%         N/A       19%         1
 Cigotuvi's Dreadful Rot  Necr/Alch/Air  0%         N/A       28%         2
 Mercury Vapours          Alch/Air       0%         N/A       28%         2
 Call Canine Familiar     Summ           0%         N/A       50%         3
 Dazzling Flash           Conj/Hex       0%         N/A       50%         3
 Frozen Ramparts          Ice            0%         1d1       50%         3
 Mephitic Cloud           Conj/Alch/Air  0%         N/A       50%         3
 Passwall                 Erth           0%         N/A       50%         3
 Sigil of Binding         Hex            0%         N/A       50%         3
 Stone Arrow              Conj/Erth      0%         3d7       50%         3
 Swiftness                Air            0%         N/A       50%         3
 Tukima's Dance           Hex            0%         N/A       50%         3
 Vampiric Draining        Necr           0%         2d6       50%         3
 Volatile Blastmotes      Fire/Tloc      0%         2d10      50%         3
 Airstrike                Air            0%         2d(0-16)  88%         4
 Brom's Barrelling Bould  Conj/Erth      0%         2d3       88%         4
 Cause Fear               Hex            0%         N/A       88%         4
 Dimensional Bullseye     Hex/Tloc       0%         N/A       88%         4
 Ignite Poison            Fire/Alch      0%         N/A       88%         4
 Iskenderun's Mystic Bla  Conj/Tloc      0%         2d3       88%         4
 Leda's Liquefaction      Alch/Erth      0%         N/A       88%         4
 Manifold Assault         Tloc           0%         N/A       88%         4
 Petrify                  Alch/Erth      0%         N/A       88%         4
 Vhi's Electric Charge    Tloc/Air       0%         N/A       88%         4
 Arcjolt                  Conj/Air       0%         1d10      99%         5
 Fireball                 Conj/Fire      0%         3d3       99%         5
 Freezing Cloud           Conj/Ice/Air   0%         6-21      99%         5
 Metabolic Englaciation   Hex/Ice        0%         N/A       99%         5
 Dispersal                Tloc           0%         N/A       100%        6
 Starburst                Conj/Fire      0%         6d3       100%        6
 Haunt                    Necr/Summ      0%         N/A       100%        7
 Borgnjor's Revivificati  Necr           0%         N/A       100%        8
 Disjunction              Tloc           0%         N/A       100%        8
 Lehudib's Crystal Spear  Conj/Erth      0%         10d2      100%        8
 Maxwell's Capacitive Co  Air            0%         ∞         100%        8
 Chain Lightning          Conj/Air       0%         N/A       100%        9
 Death's Door             Necr           0%         N/A       100%        9
 Dragon's Call            Summ           0%         N/A       100%        9
 Fire Storm               Conj/Fire      0%         5d1       100%        9
 Shatter                  Erth           0%         3d5*      100%        9
 Animate Armour           Summ/Erth      Unusable   N/A       N/A         4

Dungeon Overview and Level Annotations

Branches:
Dungeon (15/15)            Temple (1/1) D:5            Lair (5/5) D:9
 Shoals (0/4) Lair:3       Spider (4/4) Lair:2        Slime (0/5) Lair:4
    Orc (2/2) D:12            Elf (3/3) Orc:2        Vaults (0/5) D:13
 Depths (0/4) D:15          IceCv (visited)         Gauntlet (visited)

Altars:
Ashenzari
Cheibriados
Dithmenos
Elyvilon
Fedhas
Gozag
Hepliaklqana
Kikubaaqudgha
Makhleb
Nemelex Xobeh
Okawaru
Qazlal
Ru
Sif Muna
Trog
Uskayaw
Vehumet
Wu Jian
Xom
Yredelemnul
Zin
The Shining One

Shops:
D:4 ?   D:5 =   D:6 !*=([   D:8 (   D:12 *   D:15 !*   Orc:1 [   Orc:2 ?=[[
Elf:2 ?

Annotations:
D:15 2 transporters, Emisic's ghost, journeyman GrMo
Temple 4 transporters
Elf:2 3 runed translucent doors


Innate Abilities, Weirdness & Mutations

You are a fearsome dragon!
You have a powerful clawing attack.
Your giant scaled body is strong and resilient, but less evasive.
You can breathe fire.
You are flying.
Your maximum health is greatly increased.
Your armour is entirely melded.
You are incapable of wielding weapons or throwing items.
You cannot wear most types of armour.
You are amphibious.
You can wear up to eight rings at the same time.
((Your skin changes colour to match your surroundings (Stealth+).))
((Your rubbery body absorbs attacks. (AC +1, EV +1)))
((You are camouflaged when in or above water. (Stealth+)))
((You have tentacles for arms and can constrict up to eight enemies at once.))


Message History

The orb spider weaves a glowing orb of energy.
The torpor snail attacks as it pursues you!
You block the torpor snail's attack.
Being near the torpor snail leaves you feeling lethargic.
An orb of destruction comes into view.
The tarantella's many legs skitter faintly.
You hit the torpor snail.
The torpor snail is lightly wounded.
You feel sick.
The orb of destruction hits a rock wall.
The torpor snail is distracted by your dazzling golden aura.
Unknown command.
You bite the torpor snail!!
The torpor snail is no longer distracted by gold.
You tail-slap the torpor snail, but do no damage.
You bite the torpor snail!
The torpor snail is severely wounded.
You feel sick.
You are no longer poisoned.
The torpor snail misses you.
You maul the torpor snail!!!
You kill the torpor snail!
You feel yourself speed up.
The tarantella is no longer distracted by gold.
The orb spider pulsates with a strange energy.
You maul the radroach!!!
You claw the radroach!
The radroach is severely wounded.
The tarantella is distracted by your dazzling golden aura.
The radroach bites you!
* * * LOW HITPOINT WARNING * * *
The radroach barely misses you.
Unknown command.
The tarantella's many legs skitter faintly.
You bite the radroach!!
You kill the radroach!
The orb spider weaves a glowing orb of energy.
An orb of destruction comes into view.
You see here 7 gold pieces.
You feel much better. The orb of destruction hits you!!!
You die...

#..##...#..###
####.......#
#....#..#.##
####...###..##
##^#..#.....##
.######^.#..#..#.##
.B......#..#######
.#######$$.#
###D$##...#
#.#$#○.#..#..#
#^s*°....## ^..
#^.s.$#$##..^.# .#
#.#.# ### ###^.^ #
# ^. .


There were no monsters in sight!

Vanquished Creatures
  Arachne (Spider:4)
  A deep elf master archer (Elf:3)
  A deep elf blademaster (Elf:3)
  Gastronok (D:8)
  2 emperor scorpions
  An orc warlord (Orc:2)
  A stone giant (D:15)
  3 broodmothers
  4 deep elf death magi
  4 deep elf demonologists (Elf:3)
  A deep elf annihilator (Elf:3)
  A minotaur (Gauntlet)
  3 spark wasps
  Josephine (D:15)
  A fire dragon (D:15)
  An ettin (Orc:2)
  3 entropy weavers
  A deep elf high priest (Elf:3)
  5 vault guards (D:13)
  Fannar (Lair:1)
  4 hydras
  2 jorogumos
  5 radroaches
  8 centaur warriors
  8 boulder beetles
  A death knight (D:14)
  17 dancing weapons
  2 catoblepae
  A death scarab (Spider:1)
  3 tengu warriors
  7 demonic crawlers
  20 death yaks
  Urug (Lair:5)
  6 orc high priests
  A soul eater (Gauntlet)
  13 deep elf knights
  2 skysharks
  10 pharaoh ants
  3 skeletal warriors (D:14)
  6 orb spiders
  2 sun moths (Spider:1)
  4 deep elf archers
  10 deep elf zephyrmancers
  10 orc knights
  10 steelbarb worms
  20 deep elf pyromancers
  21 wolf spiders
  An orc sorcerer (Orc:1)
  3 cyclopes
  2 ugly things
  3 meliai (Spider:4)
  7 moths of wrath
  6 manticores
  5 torpor snails
  5 black mambas
  5 kobold blastminers
  A rust devil (Gauntlet)
  4 molten gargoyles (D:11)
  A gargoyle (D:11)
  4 elephants
  2 ice statues (IceCv)
  16 cane toads
  An unseen horror (shapeshifter) (D:13)
  3 kobold demonologists (D:11)
  4 rime drakes
  An efreet (D:10)
  10 komodo dragons
  A freezing wraith (D:14)
  A rime drake (shapeshifter) (Elf:2)
  A tengu conjurer (D:13)
  A troll (D:11)
  Grinder (D:6)
  26 tarantellas
  5 polar bears
  16 blink frogs
  6 hornets (Lair:5)
  2 dream sheep (Lair:5)
  13 spriggans (Lair:5)
  7 slime creatures
  23 culicivoras
  A shadow (D:12)
  An air elemental (Elf:1)
  16 jumping spiders
  6 wraiths
  A ynoxinul (Gauntlet)
  5 wyverns
  2 water elementals
  7 humans (D:13)
  5 wargs
  56 yaks
  3 fire elementals
  6 basilisks
  5 steam dragons
  57 redbacks
  25 vampire mosquitoes
  A death yak simulacrum (IceCv)
  3 acid dragons
  11 water moccasins
  5 black bears
  42 orc warriors
  2 laughing skulls (D:14)
  7 ogres
  4 boggarts
  12 centaurs
  35 wolves
  5 kobold brigands
  A phantom (D:5)
  14 bullfrogs
  A cane toad simulacrum (IceCv)
  7 scorpions
  An elephant simulacrum (IceCv)
  10 killer bees
  7 electric eels
  A howler monkey (D:6)
  A lava snake (D:11)
  4 bombardier beetles
  A hound (D:4)
  3 iron imps (Gauntlet)
  29 orc priests
  A gnoll bouda (D:5)
  3 jellies
  A sleepcap (D:6)
  Terence (D:2)
  3 iguanas
  14 orc wizards
  2 polar bear simulacra (IceCv)
  5 gnolls
  10 adders
  4 shadow imps
  2 white imps (D:7)
  2 dart slugs (D:2)
  2 ribbon worms
  64 orcs
  3 ball pythons
  9 bats
  5 endoplasms
  4 giant cockroaches
  4 goblins (D:1)
  7 hobgoblins
  20 kobolds
  2 quokkas (D:3)
  4 frilled lizards
  3 rats
999 creatures vanquished.

Vanquished Creatures (collateral kills)
  A deep elf blademaster (Elf:3)
  A deep elf high priest (Elf:3)
  3 dancing weapons
  2 deep elf knights
  A deep elf archer (Elf:1)
  6 deep elf zephyrmancers
  An orc sorcerer (Elf:2)
  6 deep elf pyromancers
  A fire elemental (Elf:1)
  An orc warrior (Elf:2)
  3 earth elementals
  An orc (Elf:2)
27 creatures vanquished.

Vanquished Creatures (others)
  2 deep elf sorcerers
  A deep elf elementalist (Elf:3)
  4 deep elf demonologists (Elf:3)
  3 deep elf death magi (Elf:3)
  A hydra (D:15)
  A centaur warrior (D:15)
  An occultist (Elf:1)
  3 deep elf knights
  3 deep elf archers
  6 deep elf pyromancers
  7 deep elf zephyrmancers
  An ugly thing (IceCv)
  A water elemental (Elf:2)
  A warg (Elf:1)
  An orc warrior (Elf:1)
  An orc (Elf:1)
37 creatures vanquished.

Grand Total: 1063 creatures vanquished

Notes
Turn   | Place    | Note
-------+----------+-------------------------------------------
     0 | D:1      | sosloow the Octopode Shapeshifter began the quest for the
                  | Orb.
     0 | D:1      | Reached XP level 1. HP: 13/13 MP: 1/1
   156 | D:1      | Reached XP level 2. HP: 18/18 MP: 2/2
   444 | D:1      | Reached XP level 3. HP: 23/23 MP: 3/3
   832 | D:2      | Found a white marble altar of Elyvilon.
   864 | D:2      | Noticed Terence
   870 | D:2      | Killed Terence
   874 | D:2      | Reached XP level 4. HP: 21/28 MP: 4/4
   971 | D:2      | Reached skill level 4 in Shapeshifting
  1403 | D:3      | Reached XP level 5. HP: 33/33 MP: 5/5
  1463 | D:3      | Found a burning altar of Makhleb.
  1580 | D:3      | Found a blossoming altar of Fedhas.
  1657 | D:3      | Found a sacrificial altar of Ru.
  1788 | D:4      | Noticed an ogre
  1793 | D:4      | Killed an ogre
  1875 | D:4      | Found Syhoarr's Magic Scroll Shop.
  1884 | D:4      | Reached skill level 5 in Unarmed Combat
  1904 | D:4      | Bought a scroll of teleportation for 33 gold pieces
  1929 | D:4      | Reached XP level 6. HP: 33/38 MP: 6/6
  2062 | D:4      | Reached skill level 5 in Shapeshifting
  2185 | D:4      | Identified the +1 cloak of Utiven {Dex+3 Stlth+}
  2358 | D:5      | Entered Level 5 of the Dungeon
  2657 | D:5      | Reached XP level 7. HP: 15/43 MP: 7/7
  2772 | D:5      | Found a staircase to the Ecumenical Temple.
  2792 | Temple   | Found a transporter.
  2792 | Temple   | Found a transporter.
  2792 | Temple   | Found a transporter.
  2792 | Temple   | Found a transporter.
  2792 | Temple   | Entered the Ecumenical Temple
  3036 | D:5      | Found Jonohyge's Jewellery Emporium.
  3200 | D:6      | Reached skill level 6 in Shapeshifting
  3228 | D:6      | Found Cas Poti's Jewellery Boutique.
  3230 | D:6      | Found Qoelolompa's Weapon Emporium.
  3255 | D:6      | Bought an amulet of reflection for 360 gold pieces
  3316 | D:6      | Found Xockomaxoi's Antique Armour Emporium.
  3330 | D:6      | Noticed Grinder
  3342 | D:6      | Paralysed by Grinder for 3 turns
  3349 | D:6      | Killed Grinder
  3350 | D:6      | Reached XP level 8. HP: 18/48 MP: 8/8
  3502 | D:6      | Found Dimuy's Assorted Antiques.
  3558 | D:6      | Found Zuagaocs's Distillery.
  3635 | D:6      | Reached skill level 7 in Shapeshifting
  4172 | D:7      | Found an opulent altar of Gozag.
  4195 | D:7      | Noticed a wyvern
  4202 | D:7      | Killed a wyvern
  4619 | D:7      | Found a hazy altar of Hepliaklqana.
  4683 | D:7      | Found an iron altar of Okawaru.
  4733 | D:7      | Reached XP level 9. HP: 51/53 MP: 9/9
  4751 | D:7      | Found a shadowy altar of Dithmenos.
  4937 | D:7      | Reached skill level 8 in Shapeshifting
  4941 | D:7      | Identified the +8 mace "Osmien" {flame, Will+ Str+5}
  5266 | D:8      | Noticed Gastronok
  5623 | D:8      | Killed Gastronok
  5624 | D:8      | Reached skill level 10 in Unarmed Combat
  5624 | D:8      | Reached skill level 9 in Shapeshifting
  5624 | D:8      | Reached XP level 10. HP: 6/58 MP: 10/10
  5900 | D:8      | Found Qarask's Weapon Shop.
  6716 | D:9      | Found a broken altar of Ashenzari.
  6852 | D:9      | Reached skill level 10 in Shapeshifting
  6855 | D:9      | Noticed an elephant
  7152 | D:9      | HP: 1/58 [orc warrior/+0 mace (12)]
  7553 | D:9      | Found a staircase to the Lair.
  7697 | D:7      | Became a worshipper of Gozag Ym Sagoz the Greedy
  7735 | D:10     | Entered Level 10 of the Dungeon
  7762 | D:10     | HP: 4/87 [yak (8)]
  7763 | D:10     | HP: 1/87 [yak (8)]
  7972 | D:10     | Reached skill level 5 in Dodging
  8063 | D:10     | Reached XP level 11. HP: 55/63 MP: 11/11
  8234 | D:10     | Found an ancient bone altar of Kikubaaqudgha.
  8428 | D:6      | Bought 2 potions of curing for 84 gold pieces
  8428 | D:6      | Bought a potion of might for 56 gold pieces
  8428 | D:6      | Bought a potion of haste for 140 gold pieces
  8525 | Lair:1   | Entered Level 1 of the Lair of Beasts
  8684 | Lair:1   | Noticed Fannar
  8695 | Lair:1   | Killed Fannar
  8696 | Lair:1   | Reached skill level 11 in Shapeshifting
  9062 | Lair:1   | Noticed a catoblepas
  9068 | Lair:1   | Killed a catoblepas
  9923 | Lair:1   | Noticed a skyshark
  9940 | Lair:1   | Killed a skyshark
  9941 | Lair:1   | Reached XP level 12. HP: 48/76 MP: 12/12
 10129 | Lair:1   | Reached skill level 5 in Fighting
 10603 | Lair:2   | Found a hole to the Spider Nest.
 11131 | Lair:2   | Reached skill level 12 in Shapeshifting
 11643 | Lair:4   | You fall into a shaft and drop 1 floor!
 11643 | Lair:5   | Entered Level 5 of the Lair of Beasts
 11643 | Lair:5   | Noticed a six-headed hydra
 11648 | Lair:5   | Noticed a death yak
 11648 | Lair:5   | Noticed a death yak
 11648 | Lair:5   | Noticed a death yak
 11648 | Lair:5   | Noticed a death yak
 11757 | Lair:4   | Found a gate leading to a gauntlet.
 11766 | Gauntlet | Entered a Gauntlet
 11766 | Gauntlet | Found a transporter.
 11785 | Gauntlet | Found a transporter.
 11787 | Gauntlet | Found a transporter.
 11789 | Gauntlet | Found a transporter.
 11805 | Gauntlet | Found a transporter.
 11820 | Gauntlet | Found a transporter.
 11827 | Gauntlet | Found a transporter.
 11842 | Gauntlet | Found a transporter.
 11860 | Gauntlet | Noticed a green death
 11861 | Gauntlet | Found a transporter.
 11873 | Gauntlet | Found a transporter.
 11969 | Gauntlet | Noticed a soul eater
 11973 | Gauntlet | Found a transporter.
 11986 | Gauntlet | Found a transporter.
 11997 | Gauntlet | Found a transporter.
 12001 | Gauntlet | Noticed a death yak
 12001 | Gauntlet | Noticed a death yak
 12002 | Gauntlet | Noticed a death yak
 12003 | Gauntlet | Found a transporter.
 12003 | Gauntlet | Noticed a wretched star
 12018 | Gauntlet | Found a transporter.
 12037 | Gauntlet | Found a transporter.
 12049 | Gauntlet | Found a transporter.
 12052 | Gauntlet | Noticed a death yak
 12053 | Gauntlet | Noticed a death yak
 12055 | Gauntlet | Found a transporter.
 12229 | Gauntlet | Killed a soul eater
 12288 | Gauntlet | Killed a death yak
 12301 | Gauntlet | Killed a death yak
 12311 | Gauntlet | Killed a death yak
 12316 | Gauntlet | Killed a death yak
 12317 | Gauntlet | Reached XP level 13. HP: 45/81 MP: 13/13
 12334 | Gauntlet | Identified the ring "Gagelyq" {+Blink rF++ rC- Int+3 Dex+6}
 12362 | Gauntlet | Identified the ring "Majik" {rElec rPois Str+3}
 12362 | Gauntlet | Noticed a minotaur
 12366 | Gauntlet | Killed a minotaur
 12588 | Lair:4   | Reached skill level 13 in Shapeshifting
 12596 | Lair:4   | Reached skill level 10 in Dodging
 13227 | Lair:4   | Found a staircase to the Slime Pits.
 13892 | Lair:3   | Found a staircase to the Shoals.
 14057 | Lair:3   | Identified the +10 lajatang of Painful Death {freeze, rF+
                  | Int+3 Dex+2}
 14357 | Lair:5   | Reached skill level 14 in Shapeshifting
 14676 | Lair:5   | Reached skill level 15 in Shapeshifting
 14854 | Lair:5   | Reached XP level 14. HP: 88/88 MP: 14/14
 14888 | Lair:5   | Noticed Urug
 14905 | Lair:5   | Killed Urug
 15041 | Lair:5   | Reached skill level 16 in Shapeshifting
 15640 | Lair:5   | Reached skill level 17 in Shapeshifting
 17078 | D:11     | Reached skill level 1 in Stealth
 17118 | D:11     | Reached skill level 1 in Evocations
 17140 | D:11     | Reached XP level 15. HP: 48/92 MP: 15/15
 17581 | D:12     | Found a staircase to the Orcish Mines.
 17643 | D:12     | Found a frozen archway.
 17680 | IceCv    | Entered an ice cave
 17714 | IceCv    | Reached skill level 18 in Shapeshifting
 17796 | IceCv    | Found a transporter.
 17821 | IceCv    | Found a transporter.
 18123 | D:12     | Reached skill level 5 in Stealth
 18518 | Orc:1    | Entered Level 1 of the Orcish Mines
 18523 | Orc:1    | Found Pacivohi's Antique Armour Boutique.
 18901 | Orc:2    | Entered Level 2 of the Orcish Mines
 19313 | Orc:2    | Reached skill level 5 in Evocations
 19901 | Orc:2    | Noticed an orc warlord
 19914 | Orc:2    | Killed an orc warlord
 19958 | Orc:2    | Found a staircase to the Elven Halls.
 20510 | Orc:2    | Found Uhotot's Antique Armour Shoppe.
 20510 | Orc:2    | Found Jehomu's Antique Armour Shoppe.
 20511 | Orc:2    | Found Yriahar's Magic Scroll Shoppe.
 20511 | Orc:2    | Found Ochyss's Jewellery Emporium.
 20521 | Orc:2    | Bought a dragon-blood talisman for 780 gold pieces
 21158 | D:13     | Found a gate to the Vaults.
 21497 | D:13     | Reached XP level 16. HP: 98/98 MP: 16/16
 21892 | D:14     | Reached skill level 10 in Stealth
 22512 | D:14     | Reached skill level 19 in Shapeshifting
 22759 | D:15     | Entered Level 15 of the Dungeon
 22761 | D:15     | Found a transporter.
 22772 | D:15     | Found a transporter.
 22773 | D:15     | Noticed Emisic's ghost (journeyman GrMo)
 22776 | D:15     | Found a bloodstained altar of Trog.
 22851 | D:15     | Found a shimmering altar of Xom.
 22890 | D:15     | Noticed Josephine
 22897 | D:15     | Killed Josephine
 22961 | D:15     | Learned a level 3 spell: Confusing Touch
 23152 | D:15     | Found a staircase to the Depths.
 23336 | D:15     | Found a shimmering blue altar of Sif Muna.
 23422 | D:15     | Bought a potion of heal wounds for 95 gold pieces
 23437 | D:15     | Bought a potion of heal wounds for 65 gold pieces
 23437 | D:15     | Bought a potion of might for 52 gold pieces
 23518 | Elf:1    | Entered Level 1 of the Elven Halls
 24449 | Elf:1    | Reached skill level 20 in Shapeshifting
 24880 | Elf:1    | Paralysed by an air elemental for 1 turns
 25113 | Elf:2    | Reached skill level 15 in Unarmed Combat
 25134 | Elf:2    | Reached XP level 17. HP: 29/103 MP: 17/17
 25600 | Elf:2    | Found Abaocry's Magic Scroll Boutique.
 25756 | Elf:2    | Bought a scroll of blinking for 90 gold pieces
 25790 | Elf:2    | Found a runed translucent gate.
 25792 | Elf:2    | Found a runed translucent gate.
 25792 | Elf:2    | Found a runed translucent gate.
 25893 | Elf:3    | Entered Level 3 of the Elven Halls
 26856 | Elf:3    | Identified the +6 glaive "Zegeokh" {freeze, *Noise rC+
                  | rN+++ Dex+2}
 26984 | Elf:3    | Noticed a deep elf master archer
 26989 | Elf:3    | Noticed a deep elf blademaster
 27004 | Elf:3    | Identified the +10 hand axe of the Sugar Beet {freeze,
                  | *Slow rN+++ Str+5}
 27083 | Elf:3    | Identified the +3 swamp dragon scales "Wiohuar" {-Tele Fly
                  | rPois Int+5 SInv}
 27083 | Elf:3    | Noticed a deep elf blademaster
 27084 | Elf:3    | Noticed a deep elf master archer
 27101 | Elf:3    | Identified the +9 spear of the Lumpy Scars {spect, rElec}
 27102 | Elf:3    | Identified the amulet of Conformity {Faith Will+++ Int+2}
 27104 | Elf:3    | Identified the ring "Orotete" {Str+6 Int+7}
 27114 | Elf:3    | Identified the +6 sling "Vemibemm" {elec, rPois Int+2
                  | Dex-3}
 27126 | Elf:3    | Identified the staff of Kitroesch {rC+ rCorr Int+3 Tloc
                  | Ice}
 27436 | Elf:3    | Killed a deep elf blademaster
 27443 | Elf:3    | Killed a deep elf blademaster
 27475 | Elf:3    | Killed a deep elf master archer
 28066 | Orc:2    | Bought a talisman of death for 1040 gold pieces
 28157 | D:12     | Bought a scroll labelled DOJORU EGEPH for 23 gold pieces
 28157 | D:12     | Bought a scroll labelled MICVEU PIXTUWO for 23 gold pieces
 28549 | Spider:1 | Entered Level 1 of the Spider Nest
 28572 | Lair:2   | Reached skill level 1 in Staves
 29212 | Spider:1 | Reached skill level 21 in Shapeshifting
 29798 | Spider:1 | Reached skill level 5 in Staves
 29803 | Spider:1 | Reached XP level 18. HP: 105/105 MP: 18/18
 32605 | Spider:4 | Entered Level 4 of the Spider Nest
 33330 | Spider:4 | Noticed Arachne
 33362 | Spider:4 | Killed Arachne
 33363 | Spider:4 | Reached skill level 10 in Staves
 33448 | Spider:4 | Paralysed by a jorogumo for 2 turns
 33828 | Spider:4 | Blown up by an orb spider

Illustrated notes

Levels and vault maps discovered:
D:1:      dpeg_cavernosity, layout_basic, nrook_mini_vaults,
          chequers_mini_garden
D:2:      layout_rooms, basic_altar, minmay_diced_spiral, uniq_terence
D:3:      layout_rooms, hangedman_ru_absence, lemuel_round_altar,
          overflow_temple_1_default, st_stairs_10
D:4:      layout_rooms, serial_shops, shop_statue
D:5:      layout_rooms, minmay_temple_entry_drinking_statues, serial_shops,
          nicolae_shop_rolling_square
D:6:      layout_gridville, serial_shops, shop, shop, shop_coins, shop, shop,
          uniq_grinder
D:7:      layout_loops_cross, mainiacjoe_overflow_two_lobes,
          nicolae_dithmenos_through_a_glass_darkly, nicolae_gozag_seed_capital,
          kennysheep_generic_room_13
D:8:      layout_loops_ring, serial_shops,
          nicolae_shop_temple_entry_statues_fountains, uniq_gastronok
D:9:      layout_cave_pools, nicolae_ashenzari_panopticon,
          grunt_lair_entry_orc_guard_hut, minmay_misc_feat_tower
D:10:     layout_rooms, kiku_gazebo_pond_becter, patterned_corridor
D:11:     layout_basic, minivault_8
D:12:     layout_irregular_city, erik_orc_4, portal_ice_cave_entry_pillars_2
D:13:     layout_loops_ring, ximxim_vaults_locker_room,
          hangedman_decor_diamond_cutter
D:14:     layout_rooms, kennysheep_generic_room_11
D:15:     grunt_enter_depths_giant_problem, layout_cave_pools,
          hellmonk_sif_muna_bookshelves, gammafunk_ghost_wrathful_warriors,
          xom_confusion_cloud, uniq_josephine
Temple:   hellmonk_temple_divided_pantheon
Lair:1:   layout_gridlike, uniq_fannar
Lair:2:   layout_cave_pods, nicolae_spider_entry_lesser_pyramids
Lair:3:   layout_loops_ring, shoals_dummy_entry, chequers_serial_rivers_micro_d,
          grunt_megastairs_4
Lair:4:   layout_hall_layers, dpeg_slime_entry_enclosed, gauntlet_entry_generic,
          nicolae_lair_run_with_the_wolves
Lair:5:   minmay_lair_end_enchanted_forest, layout_regular_city,
          grunt_forest_large_clearing_hut, infiniplex_staircase_pool_2,
          uniq_urug
Spider:1: layout_spider_delve, nicolae_spider_bug_shape,
          hangedman_spider_tarantella_strand
Spider:2: layout_spider_delve
Spider:3: layout_spider_delve
Spider:4: johnstein_spider_rune_arachne_lair, nicolae_spider_undead_wolf_pack
Orc:1:    layout_caves, serial_shops, shop, basic_altar
Orc:2:    st_orc_pillars, layout_caves, basic_altar,
          blackcustard_mines_bat_river
Elf:1:    elf_arrival_001, layout_geoelf_diagonals, serial_sigils,
          serial_sigils_hangedman_gut, serial_sigils_hangedman_carve,
          serial_sigils_hangedman_writhe, serial_sigils_hangedman_stare,
          hangedman_elf_disciples, st_stairs_1
Elf:2:    nicolae_elf_blades_crystal_corner, layout_geoelf_octagon,
          serial_shops, shop
Elf:3:    elf_hall_gauntlet_wide, layout_geoelf_castle, corexii_checkpoint

Skill      XL: |  1  2  3  4  5  6  7  8  9 10 11 12 13 14 15 16 17 18 |
---------------+-------------------------------------------------------+-----
Unarmed Combat | 4 5 7 8 10 11 12 13 14 15 | 15.8
Shapeshifting  | 4 5 6 7 9 10 11 12 15 17 18 20 21 | 21.8
Dodging        | 5 7 9 10 11 | 11.2
Fighting       | 4 5 |  5.0
Stealth        | 2 9 10 | 10.0
Evocations     | 1 7 8 |  8.0
Staves         | 5 10 | 10.9

Action                     |  1- 3 |  4- 6 |  7- 9 | 10-12 | 13-15 | 16-18 || total
---------------------------+-------+-------+-------+-------+-------+-------++-------
  Melee: Unarmed           |    47 |    95 |   144 |   528 |  1397 |   934 ||  3145
         Tentacles         |    11 |    19 |    34 |   139 |   469 |       ||   672
         Constrict         |    10 |    20 |    25 |    67 |   262 |       ||   384
         Punch             |     3 |     2 |    10 |     4 |    11 |    68 ||    98
         Tailslap          |       |       |       |       |    11 |   118 ||   129
         Bite              |       |       |       |       |     5 |    97 ||   102
  Throw: Dart              |       |       |     7 |       |       |       ||     7
 Invoke: Call Merchant     |       |       |       |       |       |     3 ||     3
         Bribe Branch      |       |       |       |       |       |     1 ||     1
  Evoke: Wand              |       |       |    12 |    10 |    31 |     1 ||    54
    Use: Potion            |       |       |     7 |    12 |     8 |    13 ||    40
         Scroll            |       |       |       |    21 |    10 |     6 ||    37
   Stab: Sleeping          |     3 |    10 |     5 |     1 |     4 |    12 ||    35
         Distracted        |       |     1 |       |     4 |    17 |    18 ||    40
         Paralysed         |       |       |       |       |     5 |       ||     5
         Confused          |       |       |       |       |       |     1 ||     1
 Armour: Skin              |     9 |    39 |    65 |   214 |   485 |   954 ||  1766
  Dodge: Dodged            |    29 |    42 |    43 |   272 |  1146 |   492 ||  2024
  Block: Other             |       |       |    10 |    68 |    42 |   158 ||   278
         Reflection        |       |       |       |     1 |     2 |     5 ||     8
   Form: Flux              |       |       |       |     2 |       |       ||     2
         Maw               |       |       |       |     1 |       |       ||     1
         Dragon            |       |       |       |       |     1 |       ||     1
